 Dungeon Crawl Stone Soup version 0.22.0-6-g71bd7aa (webtiles) character file.

5 Amnesiac the Gusty (level 1, -2/13 HPs)
             Began as a Mummy Air Elementalist on Aug 15, 2018.
             Slain by an adder (3 damage)
             ... on level 2 of the Dungeon.
             The game lasted 00:01:07 (168 turns).

Amnesiac the Gusty (Mummy Air Elementalist)          Turns: 168, Time: 00:01:08

Health: -2/13      AC:  2    Str: 11    XL:     1   Next: 66%
Magic:  1/4        EV: 12    Int: 14    God:
Gold:   21         SH:  0    Dex: 12    Spells: 4/5 levels left

rFire    x . .     SeeInvis .   b - +0 hand axe
rCold    + . .     Gourm    .   (no shield)
rNeg     + + +     Faith    .   a - +0 robe
rPois    ∞         Spirit   .   (no helmet)
rElec    .         Reflect  .   (no cloak)
rCorr    .         Harm     .   (no gloves)
MR       .....                  (no boots)
Stlth    ++........             (no amulet)
HPRegen  0.04/turn              (no ring)
MPRegen  0.09/turn              (no ring)

@: no status effects
A: no food or potions, fire vulnerability, cold resistance 1, negative energy
resistance 3, torment resistance, unbreathing
a: no special abilities


You were on level 2 of the Dungeon.
You were not hungry.

You visited 1 branch of the dungeon, and saw 2 of its levels.

You collected 21 gold pieces.

Inventory:

Hand Weapons
 b - a +0 hand axe (weapon)
Armour
 a - a +0 robe (worn)
Scrolls
 c - a scroll of blinking {!r, unknown}


   Skills:
 - Level 1.5 Dodging
 - Level 1.5 Stealth
 + Level 2.7 Spellcasting
 - Level 0.7 Conjurations
 * Level 2.7 Air Magic


You had 4 spell levels left.
You knew the following spells:

 Your Spells              Type           Power        Failure   Level  Hunger
a - Shock                 Conj/Air       #...         11%         1    N/A

Your spell library contained the following spells:

 Spells                   Type           Power        Failure   Level  Hunger
 Lightning Bolt           Conj/Air       #.........   96%         5    N/A
 Swiftness                Chrm/Air       #.......     19%         2    N/A
 Airstrike                Air            #.........   56%         4    N/A
 Static Discharge         Conj/Air       #.......     32%         3    N/A

Dungeon Overview and Level Annotations

Branches:
Dungeon (2/15)

Altars:
Nemelex Xobeh


Innate Abilities, Weirdness & Mutations

You do not eat or drink.
Your flesh is vulnerable to fire.
You are immune to poison.
Your flesh is cold resistant. (rC+)
You are immune to negative energy. (rN+++)
You are immune to unholy pain and torment.
You can survive without breathing.


Message History

You need to enable at least one skill for training.
The zap hits the adder.
The adder is lightly wounded.
Casting: Shock (safe; 11% risk of failure)
Confirm with . or Enter, or press ? or * to list all spells.
Aiming: Shock (safe; 11% risk of failure)
Press: ? - help, Shift-Dir - straight line, f - frilled lizard
Aim: a frilled lizard
Okay, then.
The adder bites you but does no damage.
Found a scroll labeled ERIYKA VENT.
The adder barely misses you.
Found a stone staircase leading down.
Found a sedimented blue potion.
Found a stone staircase leading up.
Casting: Shock (safe; 11% risk of failure)
Confirm with . or Enter, or press ? or * to list all spells.
Aiming: Shock (safe; 11% risk of failure)
Press: ? - help, Shift-Dir - straight line, f - adder
Aim: an adder The zap misses the adder.
The zap misses the frilled lizard. x2
The zap hits the adder.
The adder is moderately wounded.
The adder barely misses you. x2
Unknown command.
Casting: Shock (safe; 11% risk of failure)
Confirm with . or Enter, or press ? or * to list all spells.
Aiming: Shock (safe; 11% risk of failure)
Press: ? - help, Shift-Dir - straight line, f/p - adder
Aim: an adder (moderately wounded)
The zap hits the adder.
The adder is heavily wounded.
The zap hits the frilled lizard.
The frilled lizard is heavily wounded.
The zap hits the frilled lizard.
You kill the frilled lizard!
The zap hits the adder.
The adder is severely wounded.
The adder misses you.
Unknown command.
Casting: Shock (safe; 11% risk of failure)
Confirm with . or Enter, or press ? or * to list all spells.
Aiming: Shock (safe; 11% risk of failure)
Press: ? - help, Shift-Dir - straight line, f/p - adder
Aim: an adder (severely wounded)
The zap misses the adder.
The zap hits the giant cockroach.
The giant cockroach is moderately wounded.
The zap hits the giant cockroach.
The giant cockroach is almost dead.
The zap hits the adder.
The adder is almost dead.
The adder barely misses you.
Unknown command.
A rat comes into view.
The rat bites you but does no damage. The adder bites you.
* * * LOW HITPOINT WARNING * * *
The rat closely misses you. The adder bites you.
* * * LOW HITPOINT WARNING * * *
The giant cockroach bites you but does no damage.
The adder bites you but does no damage.
An adder comes into view.
Your magical contamination has completely faded away.
The adder bites you.
You die...

.r <... ..######..
......... .##......#
..!......# ..
#.......#### ...(
#.#...>....# ....
#.####.r##.# .... #@#
#...#.# #.... #S#
#.#.#.###....
######s####............
....S.S.K..rr.......#.r.
########.g.......##.# #.
...........#.##.###.
###........#..#.#g..
#.................
#....?..........##


You could see 2 adders, a giant cockroach and a kobold.

Vanquished Creatures
  A bat (D:2)
  2 goblins (D:1)
  A frilled lizard (D:2)
  A rat (D:1)
5 creatures vanquished.

Notes
Turn   | Place    | Note
-------+----------+-------------------------------------------
     0 | D:1      | Amnesiac the Mummy Air Elementalist began the quest for the Orb.
     0 | D:1      | Reached XP level 1. HP: 13/13 MP: 4/4
   105 | D:2      | Found a sparkling altar of Nemelex Xobeh.
   168 | D:2      | Slain by an adder

Action                   || total
-------------------------++-------
 Cast: Shock             ||     9
Armor: Robe              ||    14
Dodge: Dodged            ||    20
